 Dungeon Crawl Stone Soup version 0.30-a0-585-g93115170b9 (webtiles) character file.

Game seed: 5720373469010742407

215350 sanka the Marksdemigod (level 17, -6/149 HPs)
             Began as a Demigod Hunter on Jan 2, 2023.
             Mangled by a merfolk
             ... wielding a +0 glaive
             ... led by a merfolk impaler
              (16 damage)
             ... on level 3 of the Shoals.
             The game lasted 01:17:30 (33948 turns).

sanka the Marksdemigod (Demigod Hunter)            Turns: 33948, Time: 01:17:31

Health: -6/149     AC: 29    Str: 12    XL:     17   Next: 70%
Magic:  0/20       EV: 30    Int: 15    God:
Gold:   1196       SH:  0    Dex: 50    Spells: 16/16 levels left

rFire   . . .      SeeInvis .    a - +1 arbalest (freeze)
rCold   + . .      Faith    .    (shield currently unavailable)
rNeg    . . .      Spirit   +    G - +5 scale mail "Zetyuhoj" {Drain Slay+6}
rPois   .          Reflect  .    X - +1 helmet of Pathos {Int+4 Dex+4}
rElec   .          Harm     .    S - +2 cloak {rCorr}
rCorr   +          Rampage  .    u - +2 pair of gloves
Will    .....      Rage     3%   y - +3 pair of mountain boots {steadfast, rC+}
Stlth   +                        W - amulet of Equilibrium {Spirit Dex+3}
HPRegen 0.44/turn                c - +6 ring of dexterity
MPRegen 0.17/turn                B - ring of flight

@: lit by a corona, weak-willed, marked, flying, mesmerised, glowing, studying
Ranged Weapons
A: high MP 1, forlorn, divine attributes, berserk 1
}: 1/15 runes: serpentine
a: no special abilities


You were on level 3 of the Shoals.
You visited 5 branches of the dungeon, and saw 29 of its levels.
You also visited: Sewer and Gauntlet.

You collected 4949 gold pieces.
You spent 3753 gold pieces at shops.


Innate Abilities, Weirdness & Mutations

You have an increased reservoir of magic. (+10% MP)
You shall have no god before yourself.
Your divine heritage dramatically boosts your attributes as you level up.
You sometimes lose your temper in combat.


   Skills:
 - Level 13.0 Fighting
 + Level 20.5 Ranged Weapons
 - Level 15.0 Armour
 - Level 15.0 Dodging
 - Level 0.8 Stealth


You had 16 spell levels left.
You didn't know any spells.
Your spell library contained the following spells:

 Spells                   Type           Power      Damage    Failure   Level
 Sandblast                Erth           0%         2d4       63%         1
 Sting                    Tmut/Pois      0%         1d3       63%         1
 Summon Small Mammal      Summ           0%         N/A       63%         1
 Blink                    Tloc           0%         N/A       77%         2
 Ensorcelled Hibernation  Hex/Ice        0%         N/A       77%         2
 Momentum Strike          Conj/Tloc      0%         3d8       77%         2
 Passwall                 Tmut/Erth      0%         N/A       77%         2
 Poisonous Vapours        Pois/Air       0%         N/A       77%         2
 Static Discharge         Conj/Air       0%         2-2/arc   77%         2
 Call Canine Familiar     Summ           0%         N/A       94%         3
 Ignite Poison            Fire/Tmut/Pois 0%         N/A       94%         3
 Kindle Blastsparks       Fire/Tloc/Air  0%         2d10      94%         3
 Lesser Beckoning         Tloc           0%         N/A       94%         3
 Stone Arrow              Conj/Erth      0%         3d7       94%         3
 Summon Guardian Golem    Hex/Summ       0%         N/A       94%         3
 Swiftness                Air            0%         N/A       94%         3
 Vhi's Electric Charge    Tloc/Air       0%         N/A       94%         3
 Animate Dead             Necr           0%         N/A       100%        4
 Leda's Liquefaction      Hex/Erth       0%         N/A       100%        4
 Manifold Assault         Tloc           0%         N/A       100%        4
 Olgreb's Toxic Radiance  Pois           0%         N/A       100%        4
 Arcjolt                  Conj/Air       0%         1d10      100%        5
 Fireball                 Conj/Fire      0%         3d3       100%        5
 Freezing Cloud           Conj/Ice/Air   0%         6-21      100%        5
 Iskenderun's Battlesphe  Conj           0%         2d6       100%        5
 Lee's Rapid Deconstruct  Erth           0%         3d4*      100%        5
 Lightning Bolt           Conj/Air       0%         1d11      100%        5
 Conjure Ball Lightning   Conj/Air       0%         3x3d6     100%        6
 Dispersal                Tloc           0%         N/A       100%        6
 Statue Form              Tmut/Erth      0%         N/A       100%        6
 Haunt                    Necr/Summ      0%         N/A       100%        7
 Orb of Destruction       Conj           0%         9d5       100%        7
 Discord                  Hex            0%         N/A       100%        8
 Disjunction              Tloc           0%         N/A       100%        8
 Infestation              Necr           0%         N/A       100%        8

Inventory:

Hand Weapons
 a - a +1 arbalest of freezing (weapon)
 M - a +2 heavy longbow
Armour
 i - the +0 pair of boots "Plog" {rF+ rN+ MP+9 Str+2}

   Str:       It affects your strength (+2).
   rF:        It protects you from fire.
   rN:        It protects you from negative energy.
   MP:        It affects your magic capacity (+9).
 u - a +2 pair of gloves (worn)
 y - the +3 pair of mountain boots (worn) {steadfast, rC+}

   It prevents involuntary movement, except for blinking, teleportation, or
   banishment.
   rC:        It protects you from cold.
 G - the +5 scale mail "Zetyuhoj" (worn) {Drain Slay+6}

   Slay:      It affects your accuracy & damage with ranged weapons and melee
   (+6).
   Drain:     It drains your maximum health when unequipped.
 S - a +2 cloak of preservation (worn)
 X - the +1 helmet of Pathos (worn) {Int+4 Dex+4}

   Int:       It affects your intelligence (+4).
   Dex:       It affects your dexterity (+4).
Jewellery
 c - a +6 ring of dexterity (left hand)
 A - a ring of poison resistance
 B - a ring of flight (right hand)
 J - a +6 ring of strength
 W - the amulet of Equilibrium (around neck) {Spirit Dex+3}

   [amulet of guardian spirit]

   It causes incoming damage to be divided between your reserves of health and
   magic.
   Dex:       It affects your dexterity (+3).
Wands
 O - a wand of mindburst (27)
 R - a wand of polymorph (17)
 T - a wand of acid (3)
 V - a wand of charming (10)
 Y - a wand of digging (5)
 Z - a wand of iceblast (30)
Scrolls
 j - 8 scrolls of blinking
 k - 4 scrolls of silence {!r}
 l - 4 scrolls of brand weapon
 n - 4 scrolls of fog
 o - 5 scrolls of enchant weapon
 p - 12 scrolls of teleportation {@r4}
 q - 9 scrolls of poison {!r}
 r - 12 scrolls of immolation {!r}
 w - 4 scrolls of torment {!r}
 C - 5 scrolls of vulnerability {!r}
 E - 5 scrolls of fear
 F - 2 scrolls of enchant armour
 P - a scroll of identify {@r1}
 Q - 4 scrolls of magic mapping
Potions
 d - a potion of invisibility
 e - 3 potions of magic
 f - 3 potions of heal wounds {@q2}
 g - 7 potions of might
 m - 3 potions of mutation {!q}
 s - 11 potions of haste {@q3}
 t - a potion of flight
 x - 5 potions of attraction {!q}
 z - 8 potions of lignification {!q}
 D - 5 potions of curing {@q1}
 H - 3 potions of ambrosia
 K - 4 potions of berserk rage {!q}
 L - a potion of cancellation
 N - 5 potions of brilliance
 U - a potion of resistance {unknown}
Miscellaneous
 h - a condenser vane
 v - a lightning rod (4/4)
 I - a phantom mirror

Dungeon Overview and Level Annotations

Branches:
Dungeon (15/15)            Temple (0/1) D:7            Lair (5/5) D:8
 Shoals (3/4) Lair:2        Snake (4/4) Lair:3        Slime (0/5) Lair:5
    Orc (2/2) D:11            Elf (0/3) Orc:2        Vaults (0/5) D:13
 Depths (0/4) D:15          Sewer (visited)         Gauntlet (visited)

Shops:
D:10 *   D:13 !   Orc:2 ?*[=[   Shoals:2 *[:*[   Snake:3 [*

Portals:
Hell: Lair:5

~~~~~~~~~.▒ ▒.~~~
..~~~~)m~.▒ ..~~~~
▒▒.~~†m~~.▒▒▒▒..~~~~
▒..~~~~~~m[..t...~~~
▒...~~~..........~~~
▒..~~....#..##..~~~Y
▒..~.....#m#Htc..~~.
▒▒).~....[#mcScc#..Y.
▒▒▒▒.~~.......m#p#m...~~
▒...†~~.......m#H##...[~
..~~~~~~.~~~~~mmmmm~~m~~
.~~~~)~~≈≈≈▒▒▒▒##▒▒▒▒≈≈≈
~~~~~~≈≈≈≈≈▒ ▒≈≈▒ ≈≈
~~~≈≈≈≈≈≈≈≈▒ ▒≈≈≈≈ ≈
~~~~≈▒▒≈▒≈≈▒ ▒≈≈▒▒
~~~≈≈▒ ≈▒≈≈≈ ≈≈≈≈ ~~~≈≈▒
≈▒ ≈≈


You could see 2 merfolk impalers, a merfolk javelineer, a sea snake, a snapping
turtle, 6 merfolk, a centaur warrior, 3 fauns, a merfolk siren (mesmerising) and
2 harpies.


Message History

The merfolk siren chants its luring song.
The faun unwields a +0 sling.
The faun wields a +0 quarterstaff.
The faun completely misses you.
Unknown command.
Unknown command.
Unknown command.
Unknown command.
Unknown command.
You cannot move away from the merfolk siren!
Unknown command.
The harpy completely misses you. The harpy misses you.
The faun hits you with a +1 spear of flaming!
* * * LOW HITPOINT WARNING * * *
The faun burns you.
* * * LOW HITPOINT WARNING * * *
The merfolk impaler hits you from afar with a +2 trident of protection!
* * * LOW HITPOINT WARNING * * *
The merfolk throws a boomerang.
The boomerang hits you.
* * * LOW HITPOINT WARNING * * *
The merfolk impaler closely misses you.
The sea snake bites you but does no damage.
The merfolk hits you but does no damage.
The centaur warrior shoots an arrow.
The arrow completely misses you.
The arrow hits the merfolk impaler!
The merfolk hits you from afar with a +0 glaive!
You die...

Action                   |  1- 3 |  4- 6 |  7- 9 | 10-12 | 13-15 | 16-18 || total
-------------------------+-------+-------+-------+-------+-------+-------++-------
Melee: Shortbow          |       |     6 |     1 |       |       |       ||     7
 Fire: Shortbow          |   117 |   147 |   341 |       |       |       ||   605
       Sling             |       |       |    34 |   742 |  1209 |       ||  1985
       Arbalest          |       |       |       |       |   390 |   703 ||  1093
  Use: Scroll            |       |    13 |     3 |     8 |    11 |     3 ||    38
       Potion            |       |       |     3 |     1 |     2 |     4 ||    10
Armor: Leather armour    |     5 |       |       |       |       |       ||     5
       Robe              |     5 |    13 |    22 |       |       |       ||    40
       Scale mail        |       |       |    68 |    92 |   214 |    92 ||   466
Dodge: Dodged            |    30 |    39 |   147 |   249 |  1069 |   566 ||  2100

Levels and vault maps discovered:
D:1:      dpeg_arrival_three_same_balls, layout_rooms,
          shapermc_ecumenical_altar_petra, hex_tiny, minivault_14
D:2:      layout_basic
D:3:      layout_rooms, overflow_temple_1_default
D:4:      cheibrodos_pilgrimage, layout_basic, corexii_shack,
          nicolae_hexahallways, roderic_roman_lattice, minmay_close_crescents,
          uniq_blork_the_orc
D:5:      layout_gridville, lightli_sewer_entry_pipes
D:6:      layout_basic, mainiacjoe_overflow_tiny_flanked
D:7:      layout_basic, amcnicky_altar_gilded, gammafunk_temple_overflow_wave,
          minmay_temple_entry_antechambers, minivault_25,
          dreamdust_mushroom_princess, uniq_menkaure, uniq_crazy_yiuf_cottage
D:8:      layout_loops_ring, nicolae_sif_muna_condensation,
          erik_lair_orcish_takeover
D:9:      layout_basic, nicolae_overflow_two_pavilions,
          mainiacjoe_overflow_big_doors, fedhas_altar_2,
          lemuel_flamethrower_hall, uniq_erica
D:10:     minmay_general_purpose_star, layout_long_grid, serial_shops,
          kennysheep_mini, uniq_maurice
D:11:     layout_cave_pods, erik_orc_1
D:12:     layout_basic
D:13:     layout_roguey, david_vaults_2, serial_shops, shop
D:14:     layout_basic
D:15:     hangedman_depths_entry_try_elsewhere_first, layout_long_grid,
          nemelex_spade_bored_becter
Lair:1:   layout_cave_pods, nicolae_lair_lindhole, serial_bayou_shore_b,
          uniq_grum
Lair:2:   layout_big_grid, nicolae_shoals_entry_flooding,
          cheibrodos_lair_reptile_den, grunt_megastairs_2
Lair:3:   layout_roguey, nicolae_snake_entry_squirm, infiniplex_staircase_pool,
          grunt_megastairs_4, uniq_fannar
Lair:4:   layout_roguey
Lair:5:   evil_forest, layout_hall_layers, minmay_slime_entry_oklob_enclosed,
          gauntlet_entry_generic
Shoals:1: layout_shoals
Shoals:2: layout_shoals, serial_shops, nicolae_shop_hallway_plus,
          nicolae_shop_stone, shop, nicolae_shop_overgrown_old_shop,
          nicolae_shop_statue_plus, nicolae_shoals_so_close
Shoals:3: layout_shoals, st_sunken_huts, uniq_nikola, uniq_ilsuiw, uniq_louise,
          uniq_polyphemus
Snake:1:  layout_onion_interference, nicolae_snake_dead_anacondas
Snake:2:  layout_gridlike, basic_altar, drop_trap, grunt_ministairs_12,
          lightli_airlock, nicolae_triple_integral
Snake:3:  layout_grid_shapes, serial_shops, nicolae_shop_waterfront,
          st_stairs_7, nicolae_shop_dragon_depot, uniq_vashnia
Snake:4:  grunt_snake_rune_spirals, layout_onion_interference, basic_altar,
          uniq_aizul
Orc:1:    layout_diamond_mine, special_room [special_room_orc], uniq_josephine,
          uniq_jorgrun, uniq_harold
Orc:2:    st_orc_town, layout_caves, serial_shops, shop, elves_outpost_lemuel,
          uniq_azrael, uniq_donald

Notes
Turn   | Place    | Note
-------+----------+-------------------------------------------
     0 | D:1      | sanka the Demigod Hunter began the quest for the Orb.
     0 | D:1      | Reached XP level 1. HP: 17/17 MP: 3/3
    59 | D:1      | Reached skill level 2 in Fighting
   250 | D:1      | Reached skill level 4 in Ranged Weapons
   274 | D:1      | Reached XP level 2. HP: 24/24 MP: 4/4
   623 | D:2      | Reached XP level 3. HP: 18/29 MP: 5/5
   974 | D:2      | Identified the +1 robe "Oshukia" {Rampage rF+}
  1055 | D:2      | Reached skill level 5 in Ranged Weapons
  1480 | D:3      | Reached XP level 4. HP: 36/36 MP: 6/6
  1794 | D:4      | Noticed an ogre
  1892 | D:3      | Killed an ogre
  1893 | D:3      | Reached skill level 6 in Ranged Weapons
  1893 | D:3      | Reached XP level 5. HP: 41/41 MP: 7/7
  2550 | D:4      | Reached skill level 7 in Ranged Weapons
  2550 | D:4      | Reached XP level 6. HP: 48/48 MP: 8/8
  2557 | D:4      | Identified a scroll of acquirement
  3067 | D:4      | Noticed Blork the orc
  3076 | D:4      | Killed Blork the orc
  3197 | D:4      | Reached skill level 8 in Ranged Weapons
  3197 | D:4      | Reached XP level 7. HP: 55/55 MP: 9/9
  3412 | D:5      | Entered Level 5 of the Dungeon
  3669 | D:5      | Found a glowing drain.
  3699 | Sewer    | Entered a sewer
  3724 | Sewer    | Noticed Pargi
  3733 | Sewer    | Killed Pargi
  3734 | Sewer    | Reached skill level 9 in Ranged Weapons
  3952 | D:5      | Reached XP level 8. HP: 61/61 MP: 10/10
  4069 | D:5      | HP: 6/61 [shadow imp (5)]
  4070 | D:5      | Reached skill level 10 in Ranged Weapons
  4385 | D:5      | Identified the +5 scale mail "Zetyuhoj" {Drain Slay+6}
  4608 | D:6      | Reached skill level 1 in Armour
  4608 | D:6      | Reached skill level 2 in Dodging
  4737 | D:6      | Reached skill level 2 in Armour
  4737 | D:6      | Reached skill level 3 in Dodging
  4883 | D:6      | Reached skill level 3 in Armour
  5050 | D:7      | Noticed a hornet
  5056 | D:6      | Paralysed by a hornet for 3 turns
  5061 | D:6      | Killed a hornet
  5062 | D:6      | Reached skill level 4 in Dodging
  5212 | D:7      | Reached skill level 4 in Armour
  5246 | D:7      | Noticed a manticore
  5269 | D:7      | Killed a manticore
  5270 | D:7      | Reached skill level 5 in Dodging
  5270 | D:7      | Reached XP level 9. HP: 62/67 MP: 11/11
  5336 | D:7      | Reached skill level 5 in Armour
  5475 | D:7      | Found a runed translucent door.
  5476 | D:7      | Noticed Crazy Yiuf
  5741 | D:7      | Found a staircase to the Ecumenical Temple.
  5785 | D:7      | Noticed Menkaure
  5788 | D:7      | Reached skill level 6 in Dodging
  5790 | D:7      | Killed Menkaure
  5878 | D:7      | Reached skill level 6 in Armour
  6032 | D:7      | Killed Crazy Yiuf
  6220 | D:8      | Reached skill level 7 in Dodging
  6248 | D:8      | Identified the +1 sling of Duty {elec, Contam rF- Dex+7}
  6487 | D:8      | Reached skill level 7 in Armour
  6505 | D:8      | Reached XP level 10. HP: 71/73 MP: 13/13
  6644 | D:8      | Identified +0 acid dragon scales
  6763 | D:8      | Found a staircase to the Lair.
  7021 | D:9      | Noticed Erica
  7028 | D:9      | Killed Erica
  7029 | D:9      | Reached skill level 8 in Dodging
  7057 | D:9      | Reached skill level 8 in Armour
  7062 | D:9      | Noticed a sun demon
  7980 | D:10     | Entered Level 10 of the Dungeon
  8165 | D:10     | Reached skill level 3 in Fighting
  8170 | D:10     | Noticed a rust devil
  8174 | D:10     | Noticed a sun demon
  8445 | D:10     | Reached skill level 9 in Dodging
  8581 | D:10     | Reached XP level 11. HP: 68/83 MP: 11/14
  8703 | D:10     | Noticed Maurice
  8709 | D:10     | Killed Maurice
  8725 | D:10     | Found Diel's General Store.
  8996 | D:11     | Noticed a skeletal warrior
  9021 | D:11     | Killed a skeletal warrior
  9022 | D:11     | Reached skill level 4 in Fighting
  9148 | D:11     | Noticed a skeletal warrior
  9154 | D:11     | Killed a skeletal warrior
  9155 | D:11     | Reached skill level 9 in Armour
  9155 | D:11     | Noticed a skeletal warrior
  9169 | D:11     | Killed a skeletal warrior
  9189 | D:11     | Noticed a skeletal warrior
  9189 | D:11     | Noticed a skeletal warrior
  9529 | D:12     | Noticed a two-headed ogre
  9536 | D:12     | Killed a two-headed ogre
  9537 | D:12     | Reached skill level 5 in Fighting
  9537 | D:12     | Reached skill level 11 in Ranged Weapons
  9746 | D:12     | Identified the +0 pair of boots "Tity" {rC+ Will+}
 11132 | D:11     | Killed a skeletal warrior
 11223 | D:11     | Reached skill level 10 in Dodging
 11341 | D:11     | Found a staircase to the Orcish Mines.
 11422 | D:11     | Killed a skeletal warrior
 11606 | Lair:1   | Entered Level 1 of the Lair of Beasts
 11706 | Lair:1   | Reached skill level 6 in Fighting
 11706 | Lair:1   | Reached skill level 10 in Armour
 11874 | Lair:1   | Reached XP level 12. HP: 96/96 MP: 15/15
 12613 | Lair:2   | Reached skill level 7 in Fighting
 12659 | Lair:2   | Reached skill level 12 in Ranged Weapons
 13314 | Lair:1   | Noticed Grum
 13316 | Lair:1   | Killed Grum
 13612 | Lair:3   | Noticed Fannar
 13648 | Lair:3   | Killed Fannar
 13815 | Lair:3   | Reached skill level 13 in Ranged Weapons
 14416 | Lair:3   | Found a staircase to the Snake Pit.
 14639 | Lair:4   | Reached skill level 14 in Ranged Weapons
 14801 | Lair:4   | Reached skill level 11 in Dodging
 14801 | Lair:4   | Reached XP level 13. HP: 105/105 MP: 16/16
 14930 | Lair:4   | Reached skill level 8 in Fighting
 16023 | Lair:5   | Entered Level 5 of the Lair of Beasts
 16064 | Lair:5   | Reached skill level 12 in Dodging
 16139 | Lair:5   | Reached skill level 9 in Fighting
 16290 | Lair:5   | Found a gate leading to a gauntlet.
 16315 | Gauntlet | Entered a Gauntlet
 16315 | Gauntlet | Found a runed translucent door.
 16315 | Gauntlet | Found a transporter.
 16315 | Gauntlet | Found a runed translucent door.
 16315 | Gauntlet | Found a transporter.
 16352 | Gauntlet | Found a transporter.
 16369 | Gauntlet | Found a transporter.
 16369 | Gauntlet | Found a transporter.
 16369 | Gauntlet | Found a transporter.
 16371 | Gauntlet | Found a transporter.
 16371 | Gauntlet | Found a transporter.
 16390 | Gauntlet | Found a transporter.
 16401 | Gauntlet | Found a transporter.
 16410 | Gauntlet | Found a runed translucent gate.
 16411 | Gauntlet | Found a transporter.
 16411 | Gauntlet | Found a runed translucent gate.
 16412 | Gauntlet | Found a runed translucent gate.
 16416 | Gauntlet | Found a transporter.
 16456 | Gauntlet | Found a transporter.
 16468 | Gauntlet | Found a transporter.
 16524 | Gauntlet | Identified +0 steam dragon scales
 16636 | Gauntlet | Identified the +0 pair of boots "Plog" {rF+ rN+ MP+9 Str+2}
 16699 | Gauntlet | Identified the ring "Nypeirgh" {Contam rC+ rN+ Int+4}
 16763 | Gauntlet | Noticed a minotaur
 16781 | Gauntlet | Killed a minotaur
 17282 | Lair:5   | Reached skill level 10 in Fighting
 17364 | Lair:5   | Reached skill level 13 in Dodging
 17513 | Lair:5   | Noticed a dire elephant
 17529 | Lair:5   | Killed a dire elephant
 17624 | Lair:5   | Reached XP level 14. HP: 61/122 MP: 12/17
 17985 | Lair:5   | Found a gateway to Hell.
 18243 | Lair:5   | Found a staircase to the Slime Pits.
 18697 | Orc:1    | Entered Level 1 of the Orcish Mines
 18697 | Orc:1    | Noticed Josephine
 18705 | D:11     | Killed Josephine
 19390 | Orc:2    | Entered Level 2 of the Orcish Mines
 19409 | Orc:2    | Noticed an orc warlord
 19417 | Orc:2    | Reached skill level 11 in Fighting
 19434 | Orc:2    | Killed an orc warlord
 19679 | Orc:2    | Noticed Donald
 19699 | Orc:2    | Killed Donald
 19884 | Orc:1    | Noticed Harold
 19899 | Orc:1    | Killed Harold
 20273 | Orc:2    | Reached skill level 14 in Dodging
 20285 | Orc:2    | Found Sigec's Magic Scroll Emporium.
 20285 | Orc:2    | Found Xaaduil's General Store.
 20520 | Orc:2    | Found Qounk's Armour Boutique.
 20694 | Orc:2    | Found Netad's Jewellery Shop.
 20706 | Orc:2    | Found Kuqonac's Armour Emporium.
 20761 | Orc:2    | Reached skill level 12 in Fighting
 20846 | Orc:2    | Noticed Azrael
 20866 | Orc:2    | HP: 9/126 [Azrael/bolt of fire (42)]
 20868 | Orc:2    | HP: 1/126 [burnt (7)]
 20871 | Orc:2    | Killed Azrael
 21295 | Orc:2    | Found a staircase to the Elven Halls.
 22039 | Orc:1    | Noticed Jorgrun
 22054 | Orc:1    | Killed Jorgrun
 22406 | Orc:1    | Paralysed by an orc sorcerer for 5 turns
 22500 | Orc:1    | Identified a +1 robe of resistance
 22526 | Orc:1    | Noticed an orc warlord
 22546 | Orc:1    | Killed an orc warlord
 22723 | Orc:2    | Bought a scroll of blinking for 120 gold pieces
 22732 | Orc:2    | Bought a scroll of teleportation for 51 gold pieces
 22732 | Orc:2    | Bought a scroll of enchant armour for 127 gold pieces
 22873 | D:13     | Gained mutation: You sometimes lose your temper in combat.
                  | [mutagenic glow]
 22916 | D:13     | Found Ucayr's Distillery.
 22919 | D:13     | Bought a potion of heal wounds for 60 gold pieces
 22919 | D:13     | Bought a potion of curing for 36 gold pieces
 22919 | D:13     | Bought a potion of curing for 36 gold pieces
 22919 | D:13     | Bought a potion of invisibility for 96 gold pieces
 22930 | D:13     | Reached skill level 15 in Dodging
 23300 | D:13     | Reached skill level 13 in Fighting
 23300 | D:13     | Reached XP level 15. HP: 135/135 MP: 18/18
 23341 | D:13     | Found a gate to the Vaults.
 23805 | D:14     | Reached skill level 15 in Ranged Weapons
 24762 | D:15     | Entered Level 15 of the Dungeon
 24843 | D:15     | Found a staircase to the Depths.
 25527 | D:15     | Reached skill level 16 in Ranged Weapons
 25840 | Snake:1  | Entered Level 1 of the Snake Pit
 25999 | Snake:1  | Identified the amulet of Equilibrium {Spirit Dex+3}
 26012 | Snake:1  | Acquired 770 gold pieces
 26014 | Snake:1  | Acquired 475 gold pieces
 26147 | Snake:1  | Reached skill level 17 in Ranged Weapons
 26376 | Snake:1  | Identified the +0 chain mail of Experimentation {*Corrode
                  | Fly rF+ rC+}
 26756 | Snake:2  | Reached XP level 16. HP: 127/143 MP: 19/19
 26961 | Snake:2  | Reached skill level 18 in Ranged Weapons
 27711 | Snake:2  | Reached skill level 11 in Armour
 27933 | Snake:2  | Found a runed translucent door.
 27962 | Snake:2  | HP: 13/143 [poisoned by a naga ritualist (toxic radiance)]
 27967 | Snake:2  | HP: 7/143 [poisoned by a naga ritualist (toxic radiance)]
 28609 | Snake:3  | Reached skill level 12 in Armour
 28629 | Snake:3  | Found Nifeol's Assorted Antiques.
 28704 | Snake:3  | Bought a scroll of enchant armour for 247 gold pieces
 28814 | Snake:3  | Identified the +9 long sword "Goblinbane" {vamp, Fragile
                  | rC+++ rN+ Int+3}
 28877 | Snake:3  | Noticed Vashnia
 29420 | Snake:3  | Killed Vashnia
 29421 | Snake:3  | Reached skill level 13 in Armour
 29603 | Snake:3  | Found Lodbrok's Dragon-Slaying Spoils.
 29838 | Snake:4  | Entered Level 4 of the Snake Pit
 29840 | Snake:4  | Noticed Aizul
 29847 | Snake:3  | Killed Aizul
 30511 | Snake:4  | Reached skill level 14 in Armour
 30767 | Snake:4  | Reached XP level 17. HP: 149/149 MP: 20/20
 30832 | Snake:4  | Reached skill level 15 in Armour
 30983 | Snake:4  | Got a serpentine rune of Zot
 31787 | Shoals:1 | Entered Level 1 of the Shoals
 31845 | Shoals:1 | Reached skill level 19 in Ranged Weapons
 32564 | Shoals:2 | Found Pynnah's Antique Armour Shoppe.
 32592 | Shoals:2 | Bought a pair of spiked boots for 256 gold pieces
 32592 | Shoals:2 | Identified the +0 pair of boots "Hyihiuff" {Rampage} (You
                  | bought it in a shop on level 2 of the Shoals)
 32594 | Shoals:2 | Bought the +3 pair of mountain boots {steadfast, rC+} for
                  | 904 gold pieces
 32594 | Shoals:2 | Found the +3 pair of mountain boots {steadfast, rC+}
 32969 | Shoals:2 | Found Nirinacat's Book Emporium.
 32973 | Shoals:2 | Found Loryrhik's Antique Armour Shoppe.
 32977 | Shoals:2 | Bought a manual of Ranged Weapons for 1440 gold pieces
 32986 | Shoals:2 | Bought a faintly humming helmet for 380 gold pieces
 32986 | Shoals:2 | Identified the +1 helmet of Pathos {Int+4 Dex+4} (You
                  | bought it in a shop on level 2 of the Shoals)
 33059 | Shoals:2 | Found Umegipn's Assorted Antiques.
 33153 | Shoals:2 | Found Qajenot's Assorted Antiques.
 33416 | Shoals:3 | Identified the +3 tower shield "Cot Qois" {Regen+ Int+4
                  | Slay+2}
 33416 | Shoals:3 | Noticed Louise
 33425 | Shoals:3 | Killed Louise
 33462 | Shoals:3 | Noticed Ilsuiw
 33514 | Shoals:3 | Reached skill level 20 in Ranged Weapons
 33528 | Shoals:3 | Killed Ilsuiw
 33935 | Shoals:3 | Identified the +1 leather armour "Biell" {Regen+ Int+7
                  | Dex-4}
 33945 | Shoals:3 | HP: 9/149 [centaur warrior/arrow (11)]
 33948 | Shoals:3 | Mangled by a merfolk

Vanquished Creatures
  Vashnia (Snake:3)
  Jorgrun (Orc:1)
  Donald (Orc:2)
  12 nagarajas
  Ilsuiw (Shoals:3)
  Louise (Shoals:3)
  Aizul (Snake:3)
  2 orc warlords
  Azrael (Orc:2)
  A minotaur (Gauntlet)
  2 dire elephants
  Josephine (D:11)
  An ettin (Orc:2)
  An entropy weaver (shapeshifter) (D:13)
  3 merfolk javelineers (Shoals:3)
  6 merfolk impalers
  A great orb of eyes (Gauntlet)
  7 hydras
  Harold (Orc:1)
  5 salamander tyrants (Snake:4)
  Fannar (Lair:3)
  A hell beast (Lair:5)
  A centaur warrior (D:13)
  2 catoblepae
  2 ogre magi
  7 two-headed ogres
  11 anacondas
  19 death yaks
  Erica (D:9)
  2 tengu warriors (D:15)
  17 naga warriors
  23 naga sharpshooters
  7 shock serpents
  An orc high priest (Orc:1)
  8 skeletal warriors
  3 salamander mystics
  4 spectral anacondas (Snake:1)
  4 sea snakes
  10 naga ritualists
  A lindwurm (Lair:1)
  13 orc knights
  3 deep elf pyromancers
  A wizard (Lair:5)
  7 anaconda skeletons (Snake:1)
  12 ugly things
  9 harpies
  7 deep elf zephyrmancers (Orc:2)
  3 orc sorcerers
  5 manticores
  A faun (Shoals:1)
  12 mana vipers
  5 cyclopes
  9 elephants
  11 salamanders
  Maurice (D:10)
  4 water nymphs
  19 naga magi
  6 guardian serpents
  3 torpor snails
  30 black mambas
  4 merfolk sirens
  2 gargoyles
  10 cane toads
  An orange demon (Lair:5)
  7 kobold demonologists
  A yaktaur (shapeshifter) (D:15)
  9 komodo dragons
  A rime drake (Lair:2)
  2 ice devils (Lair:5)
  3 freezing wraiths (D:14)
  2 red devils (Lair:5)
  3 tengu conjurers
  6 anaconda simulacra (Snake:1)
  4 wind drakes
  7 merfolk
  A hornet (D:6)
  A polar bear (Lair:5)
  9 trolls
  A raiju (Gauntlet)
  A hellwing (Lair:5)
  3 snapping turtles
  17 blink frogs
  20 slime creatures
  A shadow (D:12)
  8 wyverns
  3 centaur simulacra (Gauntlet)
  3 water elementals
  6 basilisks
  17 yaks
  3 fire elementals (Orc:2)
  3 steam dragons
  6 wraiths
  Grum (Lair:1)
  6 vampire mosquitoes
  10 wargs
  Menkaure (D:7)
  A harpy simulacrum (Gauntlet)
  An acid dragon (D:8)
  47 nagas
  8 water moccasins
  10 hell hounds
  A swamp drake (D:11)
  3 ice beasts
  59 orc warriors
  A meliai simulacrum (Gauntlet)
  Pargi (Sewer)
  2 black bears
  14 ogres
  14 wolves
  7 centaurs
  Blork the orc (D:4)
  2 gnoll sergeants
  2 kobold brigands
  7 bullfrogs
  2 necrophages
  5 scorpions
  11 wights
  17 killer bees (D:9)
  An electric eel (Orc:2)
  3 howler monkeys
  A lava snake (D:9)
  6 hounds
  25 orc priests
  Crazy Yiuf (D:7)
  2 jellies (D:6)
  2 gnoll boudas (D:7)
  4 iguanas
  31 orc wizards
  4 hell rats (Lair:2)
  11 adders
  27 gnolls
  7 river rats (D:5)
  2 shadow imps (D:5)
  2 ufetubi (D:6)
  3 worms
  3 dart slugs
  127 orcs
  6 ball pythons
  8 endoplasms
  2 giant cockroaches
  6 goblins
  7 hobgoblins
  5 quokkas
  12 bats
  17 kobolds
  9 rats
1069 creatures vanquished.

Vanquished Creatures (others)
  A merfolk aquamancer (Shoals:3)
  A spectral anaconda (Snake:1)
  An orc wizard (Orc:1)
  19 fungi
  6 plants
28 creatures vanquished.

Grand Total: 1097 creatures vanquished
